Map: Cactus Valley LE (Void)

Players

Mako

  • Race: Protoss Protoss

Puppytherapy - Winner!

  • Race: Protoss Protoss

VOD

Have the link to the VOD?

Description

Time

  • Played on: May 4, 2015, 2:01 p.m.
  • Length: 3:53
Show
View Real Time Build Order
Export as new Build Order

Mako Protoss 

Build Orders: Dark Templar Rush 

Get SALT Encoding   

  12  0:01  Probe  
  13  0:14  Pylon  
  13  0:17  Probe  
  14  0:32  Probe (Chrono Boost)  
  14  0:35  Gateway  
  15  0:42  Probe (Chrono Boost)  
  16  0:49  Probe, Assimilator  
  17  0:54  Assimilator  
  17  1:01  Probe (Chrono Boost)  
  18  1:09  Pylon  
  19  1:12  Probe (Chrono Boost)  
  19  1:18  Probe (Chrono Boost)  
  19  1:23  Cybernetics Core  
  20  1:30  Probe  
  21  1:42  Probe  
  22  1:54  Probe  
  23  2:01  Twilight Council, Warp Gate (Chrono Boost)  
  23  2:02  Adept  
  23  2:07  Probe  
  26  2:21  Probe  
  27  2:36  Gateway  
  27  2:37  Gateway  
  27  2:48  Stalker (Chrono Boost)  
  29  2:53  Pylon  
  29  3:03  Pylon  
  29  3:07  Dark Shrine  
  29  3:12  Mothership Core  
  16  3:43  Stalker x3  
Show
View Real Time Build Order
Export as new Build Order

Puppytherapy Protoss - Winner!

Build Orders: Adept Opening 

Get SALT Encoding   

  12  0:01  Probe  
  13  0:14  Pylon  
  13  0:18  Probe  
  14  0:33  Gateway  
  14  0:35  Probe (Chrono Boost)  
  15  0:46  Probe (Chrono Boost), Assimilator  
  16  0:53  Probe (Chrono Boost)  
  17  1:00  Gateway  
  17  1:04  Probe  
  18  1:16  Probe  
  19  1:20  Cybernetics Core  
  19  1:28  Probe  
  19  1:31  Pylon  
  20  1:38  Zealot (Chrono Boost)  
  22  1:57  Adept (Chrono Boost)  
  22  1:59  Warp Gate (Chrono Boost)  
  24  2:05  Adept (Chrono Boost), Pylon  
  26  2:18  Adept  
  28  2:24  Gateway  
  28  2:30  Gateway  
  28  2:37  Adept  
  30  2:57  Adept  
  32  3:15  Pylon  
  32  3:28  Probe  
  31  3:41  Pylon  
Tags
 
Add a new tag
Caveats
  • Supply blocks, unpowered buildings, or Contaminate may cause inaccurate times.
  • Supply counts are checked every 10 seconds.